 Dungeon Crawl Stone Soup version 0.29.0-4-gdea44cf6ec (webtiles) character file.

Game seed: 1761491960695709085

74 qw the Chopper (level 4, -1/44 HPs)
             Began as an Ogre Enchanter on Sept 3, 2022.
             Slain by an adder (3 damage)
             ... on level 3 of the Dungeon.
             The game lasted 00:02:03 (3515 turns).

qw the Chopper (Ogre Enchanter)                     Turns: 3515, Time: 00:02:04

Health: -1/44      AC:  3    Str: 14    XL:     4   Next: 28%
Magic:  7/7        EV:  9    Int: 16    God:
Gold:   156        SH:  0    Dex:  9    Spells: 7/7 levels left

rFire   . . .      SeeInvis .   Y - +1 flail
rCold   . . .      Faith    .   (no shield)
rNeg    . . .      Spirit   .   b - +0 robe
rPois   .          Reflect  .   (helmet restricted)
rElec   .          Harm     .   (no cloak)
rCorr   .          Rampage  .   (gloves unavailable)
Will    .....                   (boots unavailable)
Stlth   ++........              (no amulet)
HPRegen 0.14/turn               (no ring)
MPRegen 0.10/turn               (no ring)

@: lethally poisoned (-1 -> -1)
A: large, unfitting armour, tough skin 1
a: no special abilities


You were on level 3 of the Dungeon.
You visited 1 branch of the dungeon, and saw 3 of its levels.

You collected 156 gold pieces.


Innate Abilities, Weirdness & Mutations

You are too large for most types of armour.
You have tough skin. (AC +1)


   Skills:
 + Level 2.4 Fighting
 - Level 0.8 Short Blades
 - Level 3.1 Axes
 - Level 1.7 Dodging
 - Level 2.1 Stealth
 - Level 2.4 Spellcasting
 - Level 2.6 Hexes


You had 7 spell levels left.
You didn't know any spells.
Your spell library contained the following spells:

 Spells                   Type           Power      Damage    Failure   Level
 Ensorcelled Hibernation  Hex/Ice        12%        N/A       17%         2
 Confusing Touch          Hex            10%        N/A       21%         3
 Tukima's Dance           Hex            10%        N/A       21%         3
 Dazzling Flash           Conj/Hex       12%        N/A       34%         3

Inventory:

Hand Weapons
 Y - a +1 flail (weapon)
Armour
 b - a +0 robe (worn)
Scrolls
 a - a scroll of identify
Potions
 e - a potion of flight {unknown}

Dungeon Overview and Level Annotations

Branches:
Dungeon (3/15)

Altars:


Message History

You hit the adder.
The adder is lightly wounded.
The adder bites you.
The jackal bites you but does no damage.
The ball python closely misses you. The jackal bites you.
The adder bites you but does no damage. The jackal bites you.
The ball python barely misses you.
The jackal bites you but does no damage.
You hit the adder.
The adder is heavily wounded.
The adder barely misses you. The jackal barely misses you.
The jackal bites you. The ball python closely misses you.
The adder bites you but does no damage. The jackal bites you.
You hit the adder.
The adder is severely wounded.
The jackal closely misses you. The ball python closely misses you.
The adder bites you.
You are poisoned.
The adder poisons you!
The jackal bites you. x2; The ball python bites you.
You closely miss the adder.
The adder is severely wounded.
You feel sick. The adder bites you. The jackal bites you.
The jackal barely misses you.
The ball python bites you but does no damage.
The jackal completely misses you. The adder bites you but does no damage.
The jackal barely misses you.
You closely miss the adder.
The adder is severely wounded.
You feel sick.
The ball python bites you but does no damage.
The jackal bites you.
The jackal bites you but does no damage.
The adder closely misses you. The jackal misses you.
The ball python bites you but does no damage.
The jackal closely misses you. The adder bites you.
You miss the adder.
The adder is severely wounded.
You feel sick. The jackal barely misses you. x2
The ball python closely misses you. The adder bites you.
You die...

#.....).# #<%..^#
........###.....#
#..g......#........
##.###.............
#..#####%....#####.
.#####.##.........#
.
..................#
###...SS##.#####...#
#.....h@...# .....
..###.h##### ##...
#.. ... #.. .. ...
..#. ...## #...


You could see an adder, 2 jackals and a ball python.

Vanquished Creatures
  3 adders (D:2)
  A worm (D:2)
  4 endoplasms
  A giant cockroach (D:1)
  2 goblins
  3 hobgoblins
  4 jackals
  5 quokkas (D:1)
  3 ball pythons
  4 bats
  2 frilled lizards
  3 kobolds (D:2)
  6 rats
41 creatures vanquished.

Vanquished Creatures (others)
  5 toadstools (D:1)
5 creatures vanquished.

Grand Total: 46 creatures vanquished

Notes
Turn   | Place    | Note
-------+----------+-------------------------------------------
     0 | D:1      | qw the Ogre Enchanter began the quest for the Orb.
     0 | D:1      | Reached XP level 1. HP: 16/16 MP: 3/3
     0 | D:1      | 0 ||| qw: Version: 0.1-a-102-g441f92d
     0 | D:1      | 0 ||| qw: Game counter: 5172
     0 | D:1      | 0 ||| qw: Always use a shield: true
     0 | D:1      | 0 ||| qw: God list: Okawaru
     0 | D:1      | 0 ||| qw: Allow faded altars: false
     0 | D:1      | 0 ||| qw: Do Orc after D:15 true
     0 | D:1      | 0 ||| qw: Do second Lair branch before Depths: true
     0 | D:1      | 0 ||| qw: Lair rune preference: random
     0 | D:1      | 0 ||| qw: Plans: Normal
     0 | D:1      | 0 ||| PLANNING D:1-11
    84 | D:1      | Reached skill level 1 in Axes
   199 | D:1      | 199 ||| Stepping ~*~*~tactically~*~*~ (stealth).
   205 | D:1      | Reached skill level 1 in Fighting
   212 | D:1      | 212 ||| Stepping ~*~*~tactically~*~*~ (stealth).
   223 | D:1      | Reached XP level 2. HP: 14/27 MP: 5/5
   419 | D:1      | Found a faded altar of an unknown god.
   747 | D:1      | 747 ||| Stepping ~*~*~tactically~*~*~ (stealth).
   749 | D:1      | 749 ||| Stepping ~*~*~tactically~*~*~ (stealth).
   803 | D:1      | 803 ||| Stepping ~*~*~tactically~*~*~ (stealth).
   970 | D:1      | Reached skill level 2 in Axes
  1061 | D:1      | 1061 ||| SWAPPING to +0 club.
  1062 | D:1      | 1062 ||| DROPPING +1 dagger.
  1275 | D:1      | 1275 ||| SWAPPING to +0 short sword.
  1276 | D:1      | 1276 ||| DROPPING +0 club.
  1339 | D:1      | Reached XP level 3. HP: 35/35 MP: 6/6
  1564 | D:1      | 1564 ||| READING scroll labelled YFEFRU XEAHISA.
  1565 | D:1      | 1565 ||| READING scroll labelled KIBERE XEJUSIN.
  1566 | D:1      | 1566 ||| READING scroll labelled COUTHIDAOD.
  1567 | D:1      | 1567 ||| READING scroll labelled VADDUARGHISH.
  1568 | D:1      | 1568 ||| DROPPING 2 potions of invisibility.
  1673 | D:2      | HP: 8/35 [poisoned by an adder]
  2177 | D:2      | 2177 ||| Stepping ~*~*~tactically~*~*~ (outnumbered).
  2200 | D:2      | 2200 ||| Stepping ~*~*~tactically~*~*~ (stealth).
  2202 | D:2      | 2202 ||| Stepping ~*~*~tactically~*~*~ (stealth).
  2203 | D:2      | 2203 ||| Stepping ~*~*~tactically~*~*~ (stealth).
  2204 | D:2      | 2204 ||| FLEEEEING.
  2205 | D:2      | 2205 ||| FLEEEEING.
  2206 | D:2      | 2206 ||| FLEEEEING.
  2207 | D:2      | 2207 ||| FLEEEEING.
  2208 | D:2      | 2208 ||| FLEEEEING.
  2209 | D:2      | 2209 ||| FLEEEEING.
  2212 | D:2      | 2212 ||| STAIRDANCE
  2286 | D:2      | 2286 ||| STAIRDANCE
  2713 | D:2      | Reached skill level 3 in Axes
  2713 | D:2      | Reached XP level 4. HP: 20/42 MP: 7/7
  2727 | D:2      | 2727 ||| Stepping ~*~*~tactically~*~*~ (stealth).
  2728 | D:2      | 2728 ||| Stepping ~*~*~tactically~*~*~ (stealth).
  2729 | D:2      | 2729 ||| FLEEEEING.
  2781 | D:2      | 2781 ||| FLEEEEING.
  2936 | D:2      | 2936 ||| FLEEEEING.
  3110 | D:2      | 3110 ||| SWAPPING to +0 flail.
  3111 | D:2      | 3111 ||| DROPPING +1 short sword.
  3163 | D:2      | 3163 ||| READING scroll of enchant weapon.
  3163 | D:2      | 3163 ||| ENCHANTING +0 flail.
  3406 | D:2      | 3406 ||| READING scroll labelled PEDGHOTAP IMUUR.
  3407 | D:2      | 3407 ||| READING scroll labelled FANOASHRUDEN.
  3489 | D:3      | 3489 ||| Stepping ~*~*~tactically~*~*~ (stealth).
  3491 | D:3      | 3491 ||| Stepping ~*~*~tactically~*~*~ (stealth).
  3493 | D:3      | 3493 ||| Stepping ~*~*~tactically~*~*~ (stealth).
  3496 | D:3      | 3496 ||| Stepping ~*~*~tactically~*~*~ (stealth).
  3503 | D:3      | 3503 ||| Stepping ~*~*~tactically~*~*~ (stealth).
  3513 | D:3      | HP: 11/44 [adder (2)]
  3514 | D:3      | HP: 4/44 [adder (3)]
  3515 | D:3      | Slain by an adder

Levels and vault maps discovered:
D:1:      scummos_arrival_star, layout_basic, serial_glass, glass_columns_b,
          glass_columns_a, feat_on_display, dreamdust_ecumenical_altar_statues,
          minmay_gold_behind_fungi, hangedman_decor_growths
D:2:      layout_loops_ring
D:3:      layout_rooms, lemuel_flame_loot_1

Skill      XL: |  1  2  3 |
---------------+----------+-----
Axes           | 1 2 3 |  3.1
Fighting       | 1 2 |  2.4
Short Blades   | |  0.8
Dodging        | |  1.7
Stealth        | |  2.1
Spellcasting   | |  2.4
Hexes          | |  2.6

Action                   |  1- 3 |  4- 6 || total
-------------------------+-------+-------++-------
Melee: Dagger            |   116 |       ||   116
       Club              |    22 |       ||    22
       Short sword       |   114 |    30 ||   144
       Punch             |     2 |       ||     2
       Flail             |       |    24 ||    24
  Use: Scroll            |     4 |     3 ||     7
Armor: Robe              |    79 |    26 ||   105
Dodge: Dodged            |   128 |    39 ||   167

Table legend:
 A = Non-vault XP
 B = Vault XP
 C = Vault XP percentage of total XP
 D = Non-vault monster count
 E = Vault monster count
 F = Vault count percentage of total count
                 A         B        C        D         E       F
            +---------+---------+-------+---------+---------+-------
      Total |     106 |       0 |   0.0 |      41 |       0 |   0.0
            +---------+---------+-------+---------+---------+-------
        D:1 |      35 |       0 |   0.0 |      21 |       0 |   0.0
        D:2 |      68 |       0 |   0.0 |      18 |       0 |   0.0
        D:3 |       3 |       0 |   0.0 |       2 |       0 |   0.0
            +---------+---------+-------+---------+---------+-------
